 Dungeon Crawl Stone Soup version 0.22.1-5-g62c59d9 (webtiles) character file.

107 marthius the Skirmisher (level 4, -8/41 HPs)
             Began as a Hill Orc Fighter on Jan 12, 2019.
             Killed by divine providence
             ... invoked by an orc priest
              (16 damage)
             ... on level 3 of the Dungeon.
             The game lasted 00:08:27 (2162 turns).

marthius the Skirmisher (Hill Orc Fighter)          Turns: 2162, Time: 00:08:29

Health: -8/41      AC:  7    Str: 19    XL:     4   Next: 86%
Magic:  4/4        EV:  7    Int:  8    God:
Gold:   175        SH:  9    Dex: 10    Spells: 3/3 levels left

rFire    . . .     SeeInvis .   a - +0 war axe
rCold    . . .     Gourm    .   c - +0 shield
rNeg     . . .     Faith    .   b - +0 scale mail
rPois    .         Spirit   .   (no helmet)
rElec    .         Reflect  .   (no cloak)
rCorr    .         Harm     .   (no gloves)
MR       .....                  (no boots)
Stlth    ..........             (no amulet)
HPRegen  0.13/turn              h - ring of flight
MPRegen  0.09/turn              (no ring)

@: no status effects
A: no striking features
a: Convert to Beogh, Evoke Flight


You were on level 3 of the Dungeon.
You were not hungry.

You visited 1 branch of the dungeon, and saw 3 of its levels.

You collected 175 gold pieces.

Inventory:

Hand Weapons
 a - a +0 war axe (weapon)
Armour
 b - a +0 scale mail (worn)
 c - a +0 shield (worn)
Jewellery
 h - a ring of flight (left hand)
 l - a cursed amulet of inaccuracy
 n - an uncursed amulet of the acrobat {unknown}
Scrolls
 j - a scroll of identify
 k - a scroll of fog {unknown}
 p - 2 scrolls of enchant armour {unknown}
 q - a scroll of enchant weapon {unknown}
Potions
 d - a potion of might
 e - 4 potions of brilliance {unknown}
 g - 2 potions of mutation {unknown}
 i - a potion of resistance {unknown}
 m - a potion of berserk rage {unknown}
Comestibles
 f - 6 rations
 o - 4 chunks of flesh


   Skills:
 + Level 4.4 Fighting
 + Level 3.9 Axes
 + Level 4.2 Armour
 + Level 4.1 Shields


You had 3 spell levels left.
You didn't know any spells.
Your spell library was empty.

Dungeon Overview and Level Annotations

Branches:
Dungeon (3/15)

Altars:
Hepliaklqana
Nemelex Xobeh


Message History

The puff of flame hits you!
You hit the orc.
The orc is severely wounded.
You closely miss something. Something hits you. You block something's attack.
The orc hits you with a club.
You completely miss the orc.
The orc is severely wounded.
You slash something!
You hear some strange, mumbled words.
A puff of flame appears from out of thin air!
The puff of flame hits you! The orc closely misses you.
A bat comes into view.
You block something's attack.
The orc priest mumbles some strange prayers to Beogh against you.
Beogh smites you!
* * * LOW HITPOINT WARNING * * *
Something hits you but does no damage.
The orc priest mumbles some strange prayers to Beogh against you.
Beogh smites you!
You die...

#...<........##.###
#...####.##)###.##..
##.## #............
###.###
####o###.###.#.#
#.....# #oo...#
#.#.# #.#.#.####
#.##### #.#.#
#.#......# #o#####
#.#.# #.##
#.###.##.# #.{...#
#.#.# #...
#.....##.# #@.##.#
#.#.# ####
########.# ##.##.#
#.#.# #.# #.##.#
#.#.# #.#
#.##.###.#÷# #.#
#.##...<..†######
#.#
#.##.###.........
#.#
#.#...###########
#.# #.#.........#
#.####.......###>#


You could see 2 orc priests and 2 orcs.

Vanquished Creatures
  3 adders
  An adder zombie (D:2)
  A worm (D:2)
  4 dart slugs (D:1)
  2 leopard geckos (D:3)
  3 orcs (D:3)
  4 bats
  A giant cockroach (D:2)
  5 goblins
  6 hobgoblins
  8 jackals (D:3)
  2 quokkas
  4 frilled lizards (D:1)
  9 kobolds
  5 rats
58 creatures vanquished.

Notes
Turn   | Place    | Note
-------+----------+-------------------------------------------
     0 | D:1      | marthius the Hill Orc Fighter began the quest for the Orb.
     0 | D:1      | Reached XP level 1. HP: 19/19 MP: 1/1
    75 | D:1      | Reached XP level 2. HP: 22/27 MP: 2/2
   298 | D:1      | Reached XP level 3. HP: 32/33 MP: 3/3
   859 | D:2      | Found a sparkling altar of Nemelex Xobeh.
   972 | D:2      | Found a hazy altar of Hepliaklqana.
  1390 | D:2      | Reached XP level 4. HP: 39/40 MP: 4/4
  2162 | D:3      | Killed from afar by an orc priest

Skill      XL: |  1  2  3  4 |
---------------+-------------+-----
Axes           | 3 |  3.9
Fighting       | 4 |  4.4
Armour         | 4 |  4.2
Shields        | 4 |  4.1

Action                   |  1- 3 |  4- 6 || total
-------------------------+-------+-------++-------
Melee: War axe           |   107 |   101 ||   208
  Use: Scroll            |     2 |       ||     2
  Eat: Chunk             |     1 |     3 ||     4
Armor: Scale mail        |    50 |    59 ||   109
Dodge: Dodged            |    26 |    34 ||    60
Block: Shield            |    50 |    65 ||   115
